 Dungeon Crawl Stone Soup version 0.26-a0-1181-gd376ed14c5 (webtiles) character file.

Game seed: 13368321228450947995

1766 Arthanis the Arsonist (level 8, -22/41 HPs)
             Began as a Deep Elf Fire Elementalist on Dec 25, 2020.
             Killed from afar by Dowan (26 damage)
             ... with a shard of ice
             ... on level 6 of the Dungeon.
             The game lasted 00:10:05 (7543 turns).

Arthanis the Arsonist (Deep Elf Fire Elementalist)  Turns: 7543, Time: 00:10:05

Health: -22/41     AC:  4    Str:  5    XL:     8   Next: 79%
Magic:  7/21       EV: 13    Int: 23    God:
Gold:   334        SH:  0    Dex: 15    Spells: 9/22 levels left

rFire    . . .     SeeInvis .   f - +2 dagger (drain)
rCold    . . .     Faith    .   (no shield)
rNeg     . . .     Spirit   .   a - +0 robe
rPois    .         Reflect  .   (no helmet)
rElec    .         Harm     .   p - +1 cloak
rCorr    .         Rampage  .   (no gloves)
Will     .....                  (no boots)
Stlth    ++........             (no amulet)
HPRegen  0.13/turn              s - ring of flight
MPRegen  0.17/turn              (no ring)

@: no status effects
A: no striking features
a: Evoke Flight


You were on level 6 of the Dungeon.
You visited 1 branch of the dungeon, and saw 6 of its levels.

You collected 334 gold pieces.

Inventory:

Hand Weapons
 d - a +0 dagger
 f - a +2 dagger of draining (weapon)
 g - a +3 spear
 o - a +2 quarterstaff of chaos
Armour
 a - a +0 robe (worn)
 p - a +1 cloak (worn)
Jewellery
 s - a ring of flight (left hand)
Wands
 e - a wand of random effects (14)
 l - a wand of iceblast (16)
Scrolls
 b - 4 scrolls of teleportation
 h - 2 scrolls of magic mapping
 k - a scroll of amnesia
 n - 2 scrolls of remove curse
 q - 3 scrolls of enchant armour
 r - a scroll of vulnerability
Potions
 c - a potion of ambrosia {unknown}
 i - 3 potions of flight
 j - 3 potions of curing {unknown}
 m - 2 potions of might {unknown}
 t - a potion of cancellation {unknown}
 u - a potion of lignification {unknown}
 v - a potion of mutation {unknown}


   Skills:
 - Level 3.0 Dodging
 - Level 3.0 Stealth
 + Level 7.8 Spellcasting
 + Level 6.0 Conjurations
 * Level 9.1 Fire Magic
 + Level 1.7 Evocations


You had 9 spell levels left.
You knew the following spells:

 Your Spells              Type           Power        Failure   Level
a - Foxfire               Conj/Fire      100%         1%          1
b - Conjure Flame         Conj/Fire      43%          1%          3
c - Sticky Flame          Conj/Fire      43%          3%          4
d - Fireball              Conj/Fire      21%          9%          5

Your spell library contained the following spells:

 Spells                   Type           Power        Failure   Level
 Inner Flame              Hex/Fire       30%          3%          3


Dungeon Overview and Level Annotations

Branches:
Dungeon (6/15)
 Temple: D:4-7

Altars:
Hepliaklqana
Nemelex Xobeh
Trog

Annotations:
D:4 1 runed translucent door, Dracia's ghost, amateur DsGl
D:6 Dowan


Message History

Duvessa burns!
You kill Duvessa!
Dowan's eyes darken. "You have made a black mistake."
Dowan seems to find hidden reserves of power!
Dowan casts a spell at you. The shard of ice hits you!!
* * * LOW HITPOINT WARNING * * *
Your Conjurations skill increases to level 6!
Casting: Sticky Flame (dangerous; 3% risk of failure)
Confirm with . or Enter, or press ? or * to list all spells.
The spell is quite dangerous to cast (9% risk of failure)!
Continue anyway?
Aiming: Fireball (quite dangerous; 9% risk of failure)
Press: ? - help, Shift-Dir - straight line, f - Dowan
Aim: Dowan, wielding a -3 dagger and wearing a +0 robe (severely wounded, fast)
The fireball explodes!
The fireball engulfs Dowan.
Dowan is almost dead.
Dowan casts a spell at you. The shard of ice hits you!!
Ouch! That really hurt!
You die...

.....>.................#
.....#.####....#######.#
....(..####.##....#....#
............##....#.####
(###.#.#######.#..#.#######
.# #.#.# #....#.......[...
## #.#.# #.####.....######
#.#.# #.# #.###.# ####.#.#
#.# #@# #.# #..[...####.#
#.# #.# .........##.# #)#
#.# .....##...#.# #e# #.#
#...........# #.# ...
#.#..##...### #.# ...
.#...###.#### #...v....
#.###.#..†.........§$...
..# #.(............§....


You could see Dowan (fast).

Vanquished Creatures
  A water moccasin (D:5)
  A black bear (D:6)
  Duvessa (D:6)
  3 sky beasts (D:5)
  A phantom (D:4)
  An ogre (D:4)
  A necrophage (D:5)
  A centaur (D:5)
  2 scorpions (D:4)
  A howler monkey (D:4)
  2 jellies
  An orc priest (D:4)
  Crazy Yiuf (D:6)
  4 orc wizards
  4 iguanas
  4 worker ants
  A hound zombie (D:5)
  A worker ant zombie (D:6)
  9 adders
  2 white imps
  2 oozes
  An ufetubus (D:5)
  4 adder skeletons
  3 worms
  4 dart slugs
  5 leopard geckos
  16 orcs
  6 bats
  6 giant cockroaches
  6 goblins
  6 hobgoblins
  17 jackals
  3 quokkas
  2 ball pythons
  5 frilled lizards
  A jackal skeleton (D:5)
  7 kobolds
  7 rats
143 creatures vanquished.

Vanquished Creatures (others)
  632 foxfires
632 creatures vanquished.

Grand Total: 775 creatures vanquished

Notes
Turn   | Place    | Note
-------+----------+-------------------------------------------
     0 | D:1      | Arthanis the Deep Elf Fire Elementalist began the quest for
                  | the Orb.
     0 | D:1      | Reached XP level 1. HP: 10/10 MP: 6/6
   350 | D:1      | Reached XP level 2. HP: 15/15 MP: 2/8
  1026 | D:1      | Reached skill level 4 in Fire Magic
  1344 | D:2      | Found a bloodstained altar of Trog.
  1351 | D:2      | Reached XP level 3. HP: 17/19 MP: 1/10
  1657 | D:2      | Reached XP level 4. HP: 24/24 MP: 6/11
  1708 | D:2      | Learned a level 3 spell: Conjure Flame
  1713 | D:2      | Learned a level 4 spell: Sticky Flame
  1915 | D:2      | You fall into a shaft and drop 2 floors!
  1931 | D:4      | Reached skill level 5 in Fire Magic
  1999 | D:4      | Noticed a phantom
  2030 | D:4      | Killed a phantom
  2031 | D:4      | Reached XP level 5. HP: 28/28 MP: 7/14
  2087 | D:4      | Learned a level 5 spell: Fireball
  2204 | D:4      | Found a runed translucent door.
  2211 | D:4      | Noticed Dracia's ghost (amateur DsGl)
  2317 | D:4      | Reached XP level 6. HP: 32/32 MP: 9/15
  2490 | D:4      | Reached skill level 5 in Spellcasting
  3124 | D:2      | Found a hazy altar of Hepliaklqana.
  4066 | D:3      | You fall into a shaft and drop 3 floors!
  4070 | D:6      | Reached skill level 6 in Fire Magic
  4228 | D:6      | Found a runed translucent door.
  4229 | D:6      | Noticed Crazy Yiuf
  4237 | D:6      | Killed Crazy Yiuf
  4411 | D:6      | Noticed Prince Ribbit
  4412 | D:6      | Found a sparkling altar of Nemelex Xobeh.
  4461 | D:5      | Entered Level 5 of the Dungeon
  4498 | D:4      | Reached XP level 7. HP: 36/36 MP: 8/17
  4893 | D:4      | Reached skill level 7 in Fire Magic
  5709 | D:5      | Reached skill level 5 in Conjurations
  5709 | D:5      | Reached XP level 8. HP: 41/41 MP: 13/20
  5818 | D:5      | Reached skill level 8 in Fire Magic
  7008 | D:5      | Reached skill level 1 in Evocations
  7218 | D:6      | Reached skill level 9 in Fire Magic
  7529 | D:6      | Noticed Dowan
  7532 | D:6      | Noticed Duvessa
  7542 | D:6      | Killed Duvessa
  7543 | D:6      | Killed from afar by Dowan

Illustrated notes

Levels and vault maps discovered:
D:1:      dpeg_arrival_rhombi, layout_basic
D:2:      layout_loops_ring, nzn_hepliaklqana_mist_gate,
          trog_three_pillars_becter
D:3:      layout_loops_corners, minmay_fountain_box
D:4:      layout_loops_corners, ebering_ghost_sewer_d
D:5:      minmay_thinvault, layout_layer_cave
D:6:      layout_loops_ring, grunt_ministairs_12, nemelex_spade_bored_becter,
          uniq_prince_ribbit1, uniq_duvessa, uniq_crazy_yiuf_cottage

Skill      XL: |  1  2  3  4  5  6  7  8 |
---------------+-------------------------+-----
Fire Magic     | 4 5 6 7 9 |  9.1
Conjurations   | 2 3 4 5 6 |  6.0
Spellcasting   | 4 5 6 7 |  7.8
Evocations     | 1 |  1.7
Dodging        | 3 |  3.0
Stealth        | 3 |  3.0

Action                   |  1- 3 |  4- 6 |  7- 9 || total
-------------------------+-------+-------+-------++-------
Melee: Dagger            |    12 |     7 |     5 ||    24
 Cast: Foxfire           |    75 |   162 |   194 ||   431
       Sticky Flame      |       |     3 |     5 ||     8
       Fireball          |       |       |     1 ||     1
  Use: Scroll            |       |       |     8 ||     8
 Stab: Sleeping          |     3 |     1 |       ||     4
Armor: Robe              |     4 |     4 |    13 ||    21
Dodge: Dodged            |    31 |    21 |    31 ||    83

Table legend: (Time is in decaauts)
 A = Elapsed time spent in this place.
 B = Non-inter-level travel time spent in this place.
 C = Inter-level travel time spent in this place.
 D = Time resting spent in this place.
 E = Time spent auto-exploring this place.
 F = Levels seen in this place.
 G = Mean time per level.
                   A        B        C        D        E       F      G
               +--------+--------+--------+--------+--------+-----+--------+
         Total |   7551 |   7378 |    173 |     73 |   6303 |   6 | 1258.5 |
       Dungeon |   7551 |   7378 |    173 |     73 |   6303 |   6 | 1258.5 |
               +--------+--------+--------+--------+--------+-----+--------+

Top non-repeatable levels by time:
     D:5: 1845 daAuts
     D:4: 1600 daAuts
     D:1: 1326 daAuts
     D:2: 1122 daAuts
     D:3: 931 daAuts
     D:6: 725 daAuts
